 Dungeon Crawl Stone Soup version 0.29-a0-341-g24ffce5b50 (webtiles) character file.

Game seed: 16760706611565749597

2241 siradein the Geomancer (level 9, -1/68 HPs)
             Began as a Deep Dwarf Earth Elementalist on Apr 20, 2022.
             Was an Initiate of Makhleb.
             Slain by a wraith (11 damage)
             ... on level 7 of the Dungeon.
             The game lasted 00:23:36 (8762 turns).

siradein the Geomancer (DDEE)                       Turns: 8762, Time: 00:23:37

Health: -1/68      AC:  3    Str: 12    XL:     9   Next: 14%
Magic:  6/15       EV: 15    Int: 26    God:    Makhleb [......]
Gold:   511        SH:  4    Dex: 17    Spells: 13/18 levels left

rFire   . . .      SeeInvis +   y - +8 dagger of Terror {venom, rPois Dex+4}
rCold   . . .      Faith    .   j - +0 buckler
rNeg    . . .      Spirit   .   b - +0 robe
rPois   +          Reflect  .   A - +0 helmet
rElec   .          Harm     .   (no cloak)
rCorr   .          Rampage  .   (no gloves)
Will    +....                   (no boots)
Stlth   +++.......              (no amulet)
HPRegen 0.00/turn               h - +6 ring of intelligence
MPRegen 0.14/turn               w - ring of see invisible

@: slowed, very slow
A: damage resistance, heal wounds, sense surroundings 2, no regeneration,
camouflage 1, devolution 1
a: Heal Wounds, Renounce Religion


You were on level 7 of the Dungeon.
You worshipped Makhleb.
Makhleb was noncommittal.
You visited 2 branches of the dungeon, and saw 8 of its levels.
You also visited: Ossuary.

You collected 511 gold pieces.

Inventory:

Hand Weapons
 y - the +8 dagger of Terror (weapon) {venom, rPois Dex+4}
   (You found it on level 3 of the Dungeon)

   It poisons the flesh of those it strikes.
   Dex:       It affects your dexterity (+4).
   rPois:     It protects you from poison.
Missiles
 s - 96 stones
Armour
 b - a +0 robe (worn)
 j - a +0 buckler (worn)
 A - a +0 helmet (worn)
Magical Staves
 t - a staff of fire
Jewellery
 h - a +6 ring of intelligence (left hand)
 k - a ring of flight
 w - a ring of see invisible (right hand)
Scrolls
 a - a scroll of blinking
 e - 3 scrolls of teleportation
 f - a scroll of amnesia {unknown}
 g - a scroll of noise {unknown}
 l - 2 scrolls of enchant weapon
 n - a scroll of summoning {unknown}
 p - 4 scrolls of fog
 v - 2 scrolls of enchant armour
 x - 3 scrolls of holy word
 G - a scroll of immolation {unknown}
Potions
 c - 2 potions of magic
 d - 8 potions of curing
 i - 3 potions of mutation
 m - a potion of invisibility {unknown}
 o - 3 potions of heal wounds {unknown}
 q - a potion of resistance {unknown}
 r - a potion of brilliance {unknown}
 u - 2 potions of degeneration {unknown}
 z - 3 potions of flight {unknown}
 B - a potion of attraction {unknown}
 C - a potion of haste {unknown}
 D - a potion of cancellation {unknown}
 E - a potion of ambrosia {unknown}
 F - a potion of might {unknown}


   Skills:
 + Level 7.0 Dodging
 - Level 2.4 Stealth
 + Level 5.3 Spellcasting
 + Level 5.1 Conjurations
 - Level 0.8 Transmutations
 + Level 9.0 Earth Magic
 + Level 2.0 Invocations


You had 13 spell levels left.
You knew the following spells:

 Your Spells              Type           Power      Damage    Failure   Level
a - Stone Arrow           Conj/Erth      86%        3d12      1%          3
b - Sandblast             Erth           100%       2d20      1%          1
c - Magic Dart            Conj           100%       1d8       1%          1

Your spell library contained the following spells:

 Spells                   Type           Power      Damage    Failure   Level
 Passwall                 Tmut/Erth      26%        N/A       1%          2
 Animate Skeleton         Necr           12%        N/A       10%         1
 Apportation              Tloc           12%        N/A       10%         1
 Summon Small Mammal      Summ           24%        N/A       10%         1
 Petrify                  Tmut/Erth      32%        N/A       13%         4
 Call Imp                 Summ           6%         N/A       16%         2
 Mephitic Cloud           Conj/Pois/Air  15%        N/A       16%         3


Dungeon Overview and Level Annotations

Branches:
Dungeon (7/15)             Temple (1/1) D:6         Ossuary (visited)

Altars:
Ashenzari
Cheibriados
Dithmenos
Elyvilon
Fedhas
Gozag
Hepliaklqana
Makhleb
Nemelex Xobeh
Okawaru
Qazlal
Ru
Sif Muna
Vehumet
Wu Jian
Yredelemnul
Zin
The Shining One


Innate Abilities, Weirdness & Mutations

You are resistant to damage.
You can heal yourself by infusing magical energy.
You passively map the area around you.
You do not regenerate.
Your skin changes colour to match your surroundings (Stealth+).
You have hidden genetic defects.


Message History

There is an open door here.
There is an empty arch of ancient stone here.
There is a gate leading back out of this place here.
Welcome back to the Dungeon!
There is a collapsed entrance here.
There is an open door here.
Found a leather armour.
C - a fuming ruby potion You now have 511 gold pieces (gained 9).
A wraith comes into view.
A wraith is nearby!
A wraith is nearby!
A wraith is nearby!
A wraith is nearby!
Casting: Stone Arrow (safe; 1% risk of failure)
Confirm with . or Enter, or press ? or * to list all spells.
Aiming: Stone Arrow (safe; 1% risk of failure)
Press: ? - help, Shift-Dir - straight line, f - wraith
Aim: a wraith (76% to hit)
The stone arrow hits the wraith!!
The wraith is heavily damaged.
Unknown command.
Casting: Stone Arrow (safe; 1% risk of failure)
Confirm with . or Enter, or press ? or * to list all spells.
Aiming: Stone Arrow (safe; 1% risk of failure)
Press: ? - help, Shift-Dir - straight line, f/p - wraith
Aim: a wraith (heavily damaged, 76% to hit)
The stone arrow hits the wraith but does no damage.
The wraith is heavily damaged.
The wraith hits you. The wraith drains your vigour!
You feel yourself slow down.
Casting: Stone Arrow (safe; 1% risk of failure)
Confirm with . or Enter, or press ? or * to list all spells.
Aiming: Stone Arrow (safe; 1% risk of failure)
Press: ? - help, Shift-Dir - straight line, f/p - wraith
Aim: a wraith (heavily damaged, 76% to hit)
The stone arrow hits the wraith.
The wraith is severely damaged.
The wraith hits you!
You die...

** *
#########
, ,,
......W.#
** * * *
#@# ,,
,,, #.# *
#.# , ,
#.# , **
#.# , , ,
* #.# * ,
*#.# ,
,,, * #.#
,** * **
#.#


You could see a wraith.

Vanquished Creatures
  Grinder (D:3)
  A black bear (D:6)
  An ogre (D:6)
  An ice beast (D:4)
  4 centaurs (D:6)
  A phantom (D:6)
  A kobold brigand (D:6)
  2 bullfrogs
  Blork the orc (D:4)
  2 necrophages
  4 scorpions
  7 wights
  2 howler monkeys
  A jelly (D:4)
  An orc priest (D:6)
  2 iguanas (D:5)
  8 mummies (Ossuary)
  4 adders
  An ufetubus (D:2)
  4 dart slugs
  4 orcs
  2 bats (D:1)
  5 endoplasms
  2 giant cockroaches
  2 gnoll zombies (Ossuary)
  8 hobgoblins
  13 kobolds
  7 quokkas
  5 ball pythons
  5 frilled lizards
  2 goblins
  3 kobold zombies (Ossuary)
  3 orc zombies (Ossuary)
  5 rats (D:1)
115 creatures vanquished.

Notes
Turn   | Place    | Note
-------+----------+-------------------------------------------
     0 | D:1      | siradein the Deep Dwarf Earth Elementalist began the quest
                  | for the Orb.
     0 | D:1      | Reached XP level 1. HP: 15/15 MP: 3/3
    84 | D:1      | Found a faded altar of an unknown god.
   283 | D:1      | Reached XP level 2. HP: 20/22 MP: 1/5
  1041 | D:2      | Reached XP level 3. HP: 26/28 MP: 4/6
  1086 | D:2      | Learned a level 3 spell: Stone Arrow
  1693 | D:2      | Learned a level 1 spell: Magic Dart
  1923 | D:2      | Reached XP level 4. HP: 22/36 MP: 0/7
  2201 | D:3      | Noticed Grinder
  2204 | D:3      | Paralysed by Grinder for 3 turns
  2227 | D:3      | Killed Grinder
  2228 | D:3      | Reached skill level 5 in Earth Magic
  2228 | D:3      | Reached XP level 5. HP: 25/42 MP: 0/9
  2228 | D:3      | Reached XP level 6. HP: 29/49 MP: 0/10
  2858 | D:3      | Identified the +8 dagger of Terror {venom, rPois Dex+4}
  3671 | D:4      | Reached skill level 6 in Earth Magic
  3834 | D:4      | Noticed an ice beast
  3982 | D:4      | Killed an ice beast
  4092 | D:4      | Reached XP level 7. HP: 33/55 MP: 2/12
  4289 | D:4      | Noticed Blork the orc
  4294 | D:4      | Killed Blork the orc
  4344 | D:4      | Found a shimmering blue altar of Sif Muna.
  4669 | D:5      | Entered Level 5 of the Dungeon
  4688 | D:5      | Reached skill level 5 in Dodging
  4806 | D:5      | Reached skill level 7 in Earth Magic
  5624 | D:5      | Reached XP level 8. HP: 37/62 MP: 4/14
  6227 | D:6      | Reached skill level 8 in Earth Magic
  6850 | D:6      | Reached skill level 5 in Spellcasting
  7350 | D:6      | Reached skill level 1 in Invocations
  7350 | D:6      | Gained mutation: You passively map the area around you.
                  | [Deep Dwarf growth]
  7350 | D:6      | Reached XP level 9. HP: 10/68 MP: 3/14
  7389 | D:6      | Found a staircase to the Ecumenical Temple.
  7398 | Temple   | Entered the Ecumenical Temple
  7623 | Temple   | Became a worshipper of Makhleb the Destroyer
  7857 | D:7      | Reached skill level 5 in Conjurations
  7922 | D:7      | Found a sand-covered staircase.
  7927 | Ossuary  | Entered an ossuary
  8394 | Ossuary  | Reached skill level 9 in Earth Magic
  8626 | Ossuary  | Gained mutation: You are frail. (-10% HP) [potion of
                  | mutation]
  8626 | Ossuary  | Lost mutation: You are frail. (-10% HP) [potion of
                  | mutation]
  8626 | Ossuary  | Gained mutation: You have hidden genetic defects. [potion
                  | of mutation]
  8626 | Ossuary  | Gained mutation: Your skin changes colour to match your
                  | surroundings (Stealth+). [potion of mutation]
  8762 | D:7      | Slain by a wraith

Illustrated notes

Levels and vault maps discovered:
D:1:      scummos_arrival_simple_fountains, layout_loops_ring,
          basic_ecumenical_altar
D:2:      wad_crossroads, layout_loops_cross
D:3:      layout_basic, uniq_grinder
D:4:      layout_rooms, tgw_sif
D:5:      layout_basic, uniq_blork_the_orc
D:6:      layout_cave_pools, minmay_temple_entry_proselytizer,
          minmay_misc_feat_x, centaur_isle
D:7:      layout_basic, enter_ossuary_2, patterned_corridor, uniq_joseph
Temple:   dpeg_five_rooms_temple

Skill      XL: |  1  2  3  4  5  6  7  8  9 |
---------------+----------------------------+-----
Spellcasting   | 2 3 4 5 |  5.3
Dodging        | 3 4 5 6 7 |  7.0
Conjurations   | 2 3 4 5 |  5.1
Earth Magic    | 5 6 7 8 9 |  9.0
Invocations    | 1 2 |  2.0
Stealth        | |  2.4
Transmutations | |  0.8

Action                   |  1- 3 |  4- 6 |  7- 9 || total
-------------------------+-------+-------+-------++-------
Melee: Unarmed           |     3 |       |       ||     3
       Dagger            |       |     1 |    11 ||    12
 Cast: Sandblast         |    50 |       |       ||    50
       Magic Dart        |    12 |     4 |       ||    16
       Stone Arrow       |     4 |    31 |    88 ||   123
 Abil: Heal Wounds       |       |       |     2 ||     2
  Use: Scroll            |       |     1 |     7 ||     8
       Potion            |       |       |     1 ||     1
Armor: Robe              |     2 |     1 |     4 ||     7
Dodge: Dodged            |    10 |     4 |    18 ||    32
Block: Buckler           |     1 |     1 |     7 ||     9

Table legend: (Time is in decaauts)
 A = Elapsed time spent in this place.
 B = Non-inter-level travel time spent in this place.
 C = Inter-level travel time spent in this place.
 D = Time resting spent in this place.
 E = Time spent auto-exploring this place.
 F = Levels seen in this place.
 G = Mean time per level.
                   A        B        C        D        E       F      G
               +--------+--------+--------+--------+--------+-----+--------+
         Total |   8758 |   8603 |    155 |    946 |   6142 |   9 |  973.1 |
       Dungeon |   7755 |   7649 |    106 |    632 |   5706 |   7 | 1107.9 |
        Temple |    274 |    225 |     49 |      0 |    191 |   1 |  274.0 |
       Ossuary |    727 |    727 |      0 |    314 |    245 |   1 |  727.0 |
               +--------+--------+--------+--------+--------+-----+--------+

Top non-repeatable levels by time:
     D:6: 1506 daAuts
     D:4: 1432 daAuts
     D:5: 1399 daAuts
     D:2: 1171 daAuts
     D:3: 1127 daAuts
     D:1: 932 daAuts
 Ossuary: 727 daAuts
  Temple: 274 daAuts
     D:7: 186 daAuts
